| TOP OF THE 1ST |
|
Vancouver Canadians batting - Pitching for Mahoning Valley Scrappers : RHP Steven Costanza
|
|
Pitching: RHP Steven Costanza
|
|
|
Batting: RHB Kennet Strijbis
|
0-0: Ground out 5-3 (Groundball, 56S, EV 68.8 MPH)
|
|
Batting: LHB Roald Jacobs
|
0-0: Ball 1-0: Foul Ball, location: 2F 1-1: Ball 2-1: SINGLE (Groundball, 56D, EV 103.1 MPH)
|
|
Batting: RHB Nikita Schram
|
0-0: Ball Roald Jacobs steals 2nd base 1-0: Ball 2-0: Ball Roald Jacobs steals 3rd, throwing error, E2 Roald Jacobs scores 3-0: Called Strike 3-1: SINGLE (Flyball, 89S, EV 88.8 MPH)
|
|
Batting: RHB Javier Garcia
|
0-0: Called Strike Nikita Schram steals 2nd, throwing error, E2 Nikita Schram to third 0-1: Fly out, F8 (Flyball, 8LD, EV 106.2 MPH) Runner from 3rd tags up, SCORES, throw by CF
|
|
Batting: RHB Norm Mercer
|
0-0: Ball 1-0: Foul Ball, location: 2F 1-1: Called Strike 1-2: Strikes out swinging
|
| Top of the 1st over - 2 runs, 2 hits, 2 errors, 0 left on base; Vancouver 2 - Mahoning Valley 0 |
| BOTTOM OF THE 1ST |
|
Mahoning Valley Scrappers batting - Pitching for Vancouver Canadians : RHP Miguel Martinez
|
|
Pitching: RHP Miguel Martinez
|
|
|
Batting: RHB Ricky Cordova
|
0-0: Ball 1-0: Foul Ball, location: 2F 1-1: Foul Ball, location: 2F 1-2: Ball 2-2: Ball 3-2: Foul Ball, location: 2F 3-2: Foul Ball, location: 2F 3-2: Base on Balls
|
|
Batting: RHB Jose Argueta
|
0-0: Ball Ricky Cordova is caught stealing 2nd base 2-4 1-0: Swinging Strike 1-1: Ball 2-1: Called Strike 2-2: Strikes out looking
|
|
Batting: LHB Dave Key
|
0-0: Called Strike 0-1: Ball 1-1: Ball 2-1: Ball 3-1: Foul Ball, location: 2F 3-2: Ground out U3 (Groundball, 3S, EV 88.8 MPH)
|
| Bottom of the 1st over - 0 runs, 0 hits, 0 errors, 0 left on base; Vancouver 2 - Mahoning Valley 0 |
| TOP OF THE 2ND |
|
Vancouver Canadians batting - Pitching for Mahoning Valley Scrappers : RHP Steven Costanza
|
|
Batting: RHB Carlos Renteria
|
0-0: Ball 1-0: Foul Ball, location: 2F 1-1: Ball 2-1: SINGLE (Groundball, 6MD, EV 108.8 MPH)
|
|
Batting: SHB Scott Robbins
|
0-0: Ball Balk! Carlos Renteria to second 1-0: Foul Ball, location: 2F 1-1: Swinging Strike 1-2: Strikes out swinging
|
|
Batting: RHB Ricky Carbajal
|
0-0: Called Strike Carlos Renteria steals 3rd, throwing error, E2 Carlos Renteria scores 0-1: Foul Ball, location: 2F 0-2: Ball 1-2: Reached on error, E6 (Groundball, 6, EV 109.4 MPH)
|
|
Batting: RHB Luis Vargas
|
0-0: Ball Ricky Carbajal steals 2nd base 1-0: Ball 2-0: Foul Ball, location: 2F 2-1: Foul Ball, location: 2F 2-2: Foul Ball, location: 2F 2-2: Fly out, F9 (Line Drive, 9S, EV 92.5 MPH)
|
|
Batting: RHB Kennet Strijbis
|
0-0: Ball 1-0: Called Strike 1-1: TRIPLE (Flyball, 78XD, EV 108.1 MPH) Ricky Carbajal scores
|
|
Batting: LHB Roald Jacobs
|
0-0: Ball 1-0: Swinging Strike 1-1: Called Strike 1-2: Foul Ball, location: 2F 1-2: Ball 2-2: Strikes out swinging
|
| Top of the 2nd over - 2 runs, 2 hits, 2 errors, 1 left on base; Vancouver 4 - Mahoning Valley 0 |
| BOTTOM OF THE 2ND |
|
Mahoning Valley Scrappers batting - Pitching for Vancouver Canadians : RHP Miguel Martinez
|
|
Batting: RHB Leo Candelas
|
0-0: Ball 1-0: Foul Ball, location: 2F 1-1: Ball 2-1: Ball 3-1: Foul Ball, location: 2F 3-2: SINGLE (Groundball, 6MD, EV 102.5 MPH)
|
|
Batting: RHB Nick Gossman
|
0-0: Ball Leo Candelas steals 2nd base 1-0: DOUBLE (Line Drive, 89D, EV 106.2 MPH) Leo Candelas scores
|
|
Batting: RHB Aaron Stout
|
0-0: Foul Ball, location: 2F 0-1: Called Strike 0-2: Ball 1-2: Ground out 6-3 (Groundball, 6, EV 86.2 MPH)
|
|
Batting: RHB Jesus Montana
|
0-0: Fly out, F9 (Line Drive, 9LS, EV 96.2 MPH)
|
|
Batting: RHB Tacito Carreiro
|
0-0: Ball 1-0: Swinging Strike 1-1: SINGLE (Flyball, 78S, EV 85.0 MPH) Nick Gossman to third Runner from 3rd tries for Home, throw by CF and OUT! 8-2
|
| Bottom of the 2nd over - 1 run, 3 hits, 0 errors, 1 left on base; Vancouver 4 - Mahoning Valley 1 |
| TOP OF THE 3RD |
|
Vancouver Canadians batting - Pitching for Mahoning Valley Scrappers : RHP Steven Costanza
|
|
Batting: RHB Nikita Schram
|
0-0: Called Strike 0-1: Foul Ball, location: 2F 0-2: Ball 1-2: Foul Ball, location: 2F 1-2: Ball 2-2: Ball 3-2: Foul Ball, location: 2F 3-2: Base on Balls
|
|
Batting: RHB Javier Garcia
|
Pickoff Play to 1st, Runner tries for 2nd, OUT after rundown. 0-0: Ball 1-0: Swinging Strike 1-1: Foul Ball, location: 2F 1-2: Fly out, F8 (Flyball, 8RD, EV 85.6 MPH)
|
|
Batting: RHB Norm Mercer
|
0-0: Ball 1-0: Ball 2-0: Fly out, F8 (Line Drive, 8LD, EV 86.2 MPH)
|
| Top of the 3rd over - 0 runs, 0 hits, 0 errors, 0 left on base; Vancouver 4 - Mahoning Valley 1 |
| BOTTOM OF THE 3RD |
|
Mahoning Valley Scrappers batting - Pitching for Vancouver Canadians : RHP Miguel Martinez
|
|
Batting: RHB Juan Ordonez
|
0-0: Ball 1-0: Ball 2-0: Foul Ball, location: 2F 2-1: Foul Ball, location: 2F 2-2: Ground out 6-3 (Groundball, 6, EV 88.1 MPH)
|
|
Batting: RHB Ricky Cordova
|
0-0: Ball 1-0: Ground out 6-3 (Groundball, 6, EV 103.1 MPH)
|
|
Batting: RHB Jose Argueta
|
0-0: SINGLE (Line Drive, 8LS, EV 102.5 MPH)
|
|
Batting: LHB Dave Key
|
0-0: Ground out 4-3 (Groundball, 4D, EV 98.8 MPH)
|
| Bottom of the 3rd over - 0 runs, 1 hit, 0 errors, 1 left on base; Vancouver 4 - Mahoning Valley 1 |
| TOP OF THE 4TH |
|
Vancouver Canadians batting - Pitching for Mahoning Valley Scrappers : RHP Steven Costanza
|
|
Batting: RHB Carlos Renteria
|
0-0: Ball 1-0: Foul Ball, location: 2F 1-1: Ball 2-1: Ball 3-1: Fly out, F4 (Line Drive, 34, EV 73.1 MPH)
|
|
Batting: SHB Scott Robbins
|
0-0: Ball 1-0: Foul Ball, location: 2F 1-1: Fly out, F9 (Flyball, 9, EV 91.9 MPH)
|
|
Batting: RHB Ricky Carbajal
|
0-0: Ball 1-0: Ground out 3-1 (Groundball, 34, EV 105.0 MPH)
|
| Top of the 4th over - 0 runs, 0 hits, 0 errors, 0 left on base; Vancouver 4 - Mahoning Valley 1 |
| BOTTOM OF THE 4TH |
|
Mahoning Valley Scrappers batting - Pitching for Vancouver Canadians : RHP Miguel Martinez
|
|
Batting: RHB Leo Candelas
|
0-0: Ball 1-0: Ball 2-0: Foul Ball, location: 2F 2-1: Ball 3-1: Ground out 6-3 (Groundball, 6, EV 104.4 MPH)
|
|
Batting: RHB Nick Gossman
|
0-0: Called Strike 0-1: Called Strike 0-2: Ball 1-2: Ball 2-2: Foul Ball, location: 2F 2-2: Foul Ball, location: 2F 2-2: Foul Ball, location: 2F 2-2: Ball 3-2: Base on Balls
|
|
Batting: RHB Aaron Stout
|
0-0: Ball 1-0: Foul Ball, location: 2F 1-1: Called Strike 1-2: Foul Ball, location: 2F 1-2: Ball 2-2: Ground out 6-3 (Groundball, P, EV 81.9 MPH) Nick Gossman to second
|
|
Batting: RHB Jesus Montana
|
0-0: SINGLE (Groundball, 4D, EV 102.5 MPH) Nick Gossman to third Runner from 3rd tries for Home, SAFE, throw by CF to home
|
|
Batting: RHB Tacito Carreiro
|
0-0: Fielders Choice at 2nd, 5-4 (Groundball, 56, EV 83.1 MPH)
|
| Bottom of the 4th over - 1 run, 1 hit, 0 errors, 1 left on base; Vancouver 4 - Mahoning Valley 2 |
| TOP OF THE 5TH |
|
Vancouver Canadians batting - Pitching for Mahoning Valley Scrappers : RHP Steven Costanza
|
|
Batting: RHB Luis Vargas
|
0-0: Ball 1-0: Ball 2-0: Called Strike 2-1: Ball 3-1: Swinging Strike 3-2: Strikes out looking
|
|
Batting: RHB Kennet Strijbis
|
0-0: Ball 1-0: Bunted foul 1-1: Ball 2-1: Swinging Strike 2-2: Foul Ball, location: 2F 2-2: Ball 3-2: Foul Ball, location: 2F 3-2: Foul Ball, location: 2F 3-2: Base on Balls
|
|
Batting: LHB Roald Jacobs
|
0-0: Ball 1-0: Called Strike Kennet Strijbis is caught stealing 2nd base 2-6 1-1: SOLO HOME RUN (Flyball, 9D, EV 93.1 MPH), Distance : 371 ft
|
|
Pitching: LHP Steve Johnson
|
|
|
Batting: RHB Nikita Schram
|
0-0: Ball 1-0: Reached on error, E6 (Groundball, 6S, EV 82.5 MPH)
|
|
Batting: RHB Javier Garcia
|
0-0: Called Strike 0-1: Called Strike Nikita Schram steals 2nd base 0-2: Ball 1-2: Foul Ball, location: 2F 1-2: Ground out 5-3 (Groundball, 56S, EV 76.9 MPH)
|
| Top of the 5th over - 1 run, 1 hit, 1 error, 1 left on base; Vancouver 5 - Mahoning Valley 2 |
| BOTTOM OF THE 5TH |
|
Mahoning Valley Scrappers batting - Pitching for Vancouver Canadians : RHP Miguel Martinez
|
|
Batting: RHB Juan Ordonez
|
0-0: Ball 1-0: Foul Ball, location: 2F 1-1: Called Strike 1-2: Strikes out looking
|
|
Batting: RHB Ricky Cordova
|
0-0: Ball 1-0: Ground out 5-3 (Groundball, 56, EV 81.9 MPH)
|
|
Batting: RHB Jose Argueta
|
0-0: Ball 1-0: Foul Ball, location: 2F 1-1: Called Strike 1-2: Foul Ball, location: 2F 1-2: Ball 2-2: Foul Ball, location: 2F 2-2: Ball 3-2: Foul Ball, location: 2F 3-2: Ground out 6-3 (Groundball, 6D, EV 84.4 MPH)
|
| Bottom of the 5th over - 0 runs, 0 hits, 0 errors, 0 left on base; Vancouver 5 - Mahoning Valley 2 |
| TOP OF THE 6TH |
|
Vancouver Canadians batting - Pitching for Mahoning Valley Scrappers : LHP Steve Johnson
|
|
Batting: RHB Norm Mercer
|
0-0: Swinging Strike 0-1: Ball 1-1: Ball 2-1: Foul Ball, location: 2F 2-2: Ball 3-2: Strikes out swinging
|
|
Batting: RHB Carlos Renteria
|
0-0: Foul Ball, location: 2F 0-1: Ball 1-1: Called Strike 1-2: Ball 2-2: Strikes out swinging
|
|
Batting: SHB Scott Robbins
|
0-0: Foul Ball, location: 2F 0-1: Ball 1-1: Swinging Strike 1-2: Strikes out swinging
|
| Top of the 6th over - 0 runs, 0 hits, 0 errors, 0 left on base; Vancouver 5 - Mahoning Valley 2 |
| BOTTOM OF THE 6TH |
|
Mahoning Valley Scrappers batting - Pitching for Vancouver Canadians : RHP Miguel Martinez
|
|
Batting: LHB Dave Key
|
0-0: Fly out, F9 (Flyball, 9, EV 87.5 MPH)
|
|
Batting: RHB Leo Candelas
|
0-0: Called Strike 0-1: Foul Ball, location: 2F 0-2: Ground out 6-3 (Groundball, 56, EV 90.6 MPH)
|
|
Batting: RHB Nick Gossman
|
0-0: Called Strike 0-1: Foul Ball, location: 2F 0-2: Strikes out swinging
|
| Bottom of the 6th over - 0 runs, 0 hits, 0 errors, 0 left on base; Vancouver 5 - Mahoning Valley 2 |
| TOP OF THE 7TH |
|
Vancouver Canadians batting - Pitching for Mahoning Valley Scrappers : LHP Steve Johnson
|
|
Batting: RHB Ricky Carbajal
|
0-0: Called Strike 0-1: Ground out 5-3 (Groundball, 56S, EV 81.2 MPH)
|
|
Batting: RHB Luis Vargas
|
0-0: Called Strike 0-1: Ball 1-1: Swinging Strike 1-2: Strikes out swinging
|
|
Batting: RHB Kennet Strijbis
|
0-0: Called Strike 0-1: SINGLE (Groundball, 6MD, EV 97.5 MPH)
|
|
Batting: LHB Roald Jacobs
|
0-0: Ball Kennet Strijbis steals 2nd base (no throw) 1-0: Ball 2-0: Ball 3-0: Called Strike 3-1: Called Strike 3-2: Strikes out swinging
|
| Top of the 7th over - 0 runs, 1 hit, 0 errors, 1 left on base; Vancouver 5 - Mahoning Valley 2 |
| BOTTOM OF THE 7TH |
|
Mahoning Valley Scrappers batting - Pitching for Vancouver Canadians : RHP Miguel Martinez
|
|
Pitching: RHP Danny Cervantes
|
|
|
Now in LF: Dan Hilyer
|
|
|
Batting: RHB Aaron Stout
|
0-0: Foul Ball, location: 2F 0-1: Called Strike 0-2: Ball 1-2: Ball 2-2: Ball 3-2: Foul Ball, location: 2F 3-2: Strikes out looking
|
|
Batting: RHB Jesus Montana
|
0-0: Ball 1-0: Called Strike 1-1: Called Strike 1-2: Ball 2-2: Strikes out looking
|
|
Batting: RHB Tacito Carreiro
|
0-0: Fly out, F7 (Flyball, 7, EV 89.4 MPH)
|
| Bottom of the 7th over - 0 runs, 0 hits, 0 errors, 0 left on base; Vancouver 5 - Mahoning Valley 2 |
| TOP OF THE 8TH |
|
Vancouver Canadians batting - Pitching for Mahoning Valley Scrappers : LHP Steve Johnson
|
|
Batting: RHB Nikita Schram
|
0-0: Called Strike 0-1: Swinging Strike 0-2: Ball 1-2: Strikes out swinging
|
|
Batting: RHB Javier Garcia
|
0-0: Ball 1-0: Called Strike 1-1: Fly out, F7 (Line Drive, 7, EV 91.2 MPH)
|
|
Batting: RHB Norm Mercer
|
0-0: Swinging Strike 0-1: Called Strike 0-2: Ball 1-2: Foul Ball, location: 2F 1-2: Fly out, F8 (Flyball, 8LD, EV 90.0 MPH)
|
| Top of the 8th over - 0 runs, 0 hits, 0 errors, 0 left on base; Vancouver 5 - Mahoning Valley 2 |
| BOTTOM OF THE 8TH |
|
Mahoning Valley Scrappers batting - Pitching for Vancouver Canadians : RHP Danny Cervantes
|
|
Now in LF: Adam Santarelli
|
|
|
Now in RF: Dan Hilyer
|
|
|
Pinch Hitting: LHB Matt Steinke
|
0-0: Fly out, F4 (Popup, 3S, EV 87.5 MPH)
|
|
Batting: RHB Ricky Cordova
|
0-0: DOUBLE (Line Drive, 78D, EV 99.4 MPH)
|
|
Batting: RHB Jose Argueta
|
0-0: Ball 1-0: Called Strike 1-1: Called Strike 1-2: Ball 2-2: Strikes out swinging
|
|
Batting: LHB Dave Key
|
0-0: Ball 1-0: Called Strike 1-1: Fly out, F9 (Flyball, 89M, EV 92.5 MPH)
|
| Bottom of the 8th over - 0 runs, 1 hit, 0 errors, 1 left on base; Vancouver 5 - Mahoning Valley 2 |
| TOP OF THE 9TH |
|
Vancouver Canadians batting - Pitching for Mahoning Valley Scrappers : LHP Steve Johnson
|
|
Now in CF: Jonathan Livingston
|
|
|
Batting: RHB Carlos Renteria
|
0-0: Ball 1-0: Called Strike 1-1: Foul Ball, location: 2F 1-2: Ball 2-2: Strikes out swinging
|
|
Batting: LHB Adam Santarelli
|
0-0: Called Strike 0-1: Ball 1-1: Ground out 4-3 (Groundball, 4D, EV 108.1 MPH)
|
|
Batting: RHB Ricky Carbajal
|
0-0: Foul Ball, location: 2F 0-1: Ball 1-1: Ground out U3 (Groundball, 3L, EV 95.0 MPH)
|
| Top of the 9th over - 0 runs, 0 hits, 0 errors, 0 left on base; Vancouver 5 - Mahoning Valley 2 |
| BOTTOM OF THE 9TH |
|
Mahoning Valley Scrappers batting - Pitching for Vancouver Canadians : RHP Danny Cervantes
|
|
Pitching: RHP Steve Schultz
|
|
|
Batting: RHB Leo Candelas
|
0-0: Called Strike 0-1: Ball 1-1: Swinging Strike 1-2: Foul Ball, location: 2F 1-2: Strikes out swinging
|
|
Batting: RHB Nick Gossman
|
0-0: Called Strike 0-1: Foul Ball, location: 2F 0-2: Ball 1-2: Foul Ball, location: 2F 1-2: Strikes out swinging
|
|
Batting: RHB Aaron Stout
|
0-0: Ground out 4-3 (Groundball, 4S, EV 91.2 MPH)
|
| Bottom of the 9th over - 0 runs, 0 hits, 0 errors, 0 left on base; Vancouver 5 - Mahoning Valley 2 |
|